 Dungeon Crawl Stone Soup version 0.24-a0-157-g36218c0 (webtiles) character file.

Game seed: 1656873534325638905

53 pmoppi the Insei (level 3, 0/17 HPs)
             Began as a Vine Stalker Transmuter on Mar 5, 2019.
             Slain by Robin
             ... wielding a +0 short sword
              (1 damage)
             ... on level 3 of the Dungeon.
             The game lasted 00:02:16 (1290 turns).

pmoppi the Insei (Vine Stalker Transmuter)          Turns: 1290, Time: 00:02:16

Health: 0/17       AC:  2    Str: 12    XL:     3   Next: 87%
Magic:  0/7        EV: 12    Int: 14    God:
Gold:   37         SH:  0    Dex: 14    Spells: 3/6 levels left

rFire    . . .     SeeInvis .     - Unarmed
rCold    . . .     Gourm    .   (no shield)
rNeg     . . .     Faith    .   b - +0 robe
rPois    .         Spirit   +   (no helmet)
rElec    .         Reflect  .   (no cloak)
rCorr    .         Harm     .   (no gloves)
MR       .....                  (no boots)
Stlth    +.........             (no amulet)
HPRegen  0.05/turn              (no ring)
MPRegen  0.10/turn              (no ring)

@: very slightly contaminated
A: fangs 2, magic shield, antimagic bite, no potion heal 3, rot immunity
a: no special abilities


You were on level 3 of the Dungeon.
You were hungry.

You visited 1 branch of the dungeon, and saw 3 of its levels.

You collected 37 gold pieces.

Inventory:

Missiles
 a - 32 arrows
 h - 12 javelins (quivered)
Armour
 b - a +0 robe (worn)
Jewellery
 i - a cursed ring of teleportation {unknown}
Scrolls
 c - a scroll of amnesia {unknown}
 g - a scroll of noise {unknown}
 k - a scroll of blinking {unknown}
Potions
 e - a potion of heal wounds {unknown}
 j - a potion of curing {unknown}
 l - a potion of might {unknown}
 m - a potion of cancellation {unknown}
Comestibles
 d - 2 rations
 f - 4 chunks of flesh


   Skills:
 - Level 0.8 Fighting
 - Level 1.5 Dodging
 + Level 4.7 Unarmed Combat
 - Level 2.1 Spellcasting
 - Level 2.0 Transmutations


You had 3 spell levels left.
You knew the following spells:

 Your Spells              Type           Power        Failure   Level  Hunger
a - Beastly Appendage     Tmut           #.....       11%         1    #......
b - Sticks to Snakes      Tmut           #.......     16%         2    ###....

Your spell library contained the following spells:

 Spells                   Type           Power        Failure   Level  Hunger
 Spider Form              Tmut/Pois      #.........   43%         3    ###....
 Ice Form                 Ice/Tmut       #.......     83%         4    #####..
 Blade Hands              Tmut           #.........   96%         5    ######.


Dungeon Overview and Level Annotations

Branches:
Dungeon (2/15)

Altars:

Annotations:
D:3 Robin


Innate Abilities, Weirdness & Mutations

You have extremely sharp teeth.
When hurt, damage is shared between your health and your magic reserves.
Your bite disrupts and absorbs the magic of your enemies.
Potions cannot restore your health.
You are immune to rotting.


Message History

Robin is moderately wounded.
Robin hits you with a +0 short sword.
You hit Robin. Your bite misses Robin.
Robin is heavily wounded.
You hit Robin.
Robin is almost dead.
Robin hits you with a +0 short sword!
* * * LOW HITPOINT WARNING * * *
You hit Robin.
Robin is almost dead.
Robin hits you with a +0 short sword.
You barely miss Robin. Your bite misses Robin.
Robin is almost dead.
Robin hits you with a +0 short sword.
* * * LOW HITPOINT WARNING * * *
Unknown command.
You hit Robin but do no damage. You bite Robin, but do no damage.
Robin is almost dead.
Robin hits you with a +0 short sword.
You die...

########.###.###.............
.......รท.........#.......#..#
.#######.###............## .#
.# #.# ###.##.....# # .# #.#
....#.#.#.# .# #.#
###..#.#...# .# #.# #....##..#
.# #.###.####.####..###.# .#
..^.....@...........# .#
####.####g####..##### .# #)#
#..# .# ###.# #..# .# #...#
#..# .# #.### #(.# .#
#........?...# ##
####.###.##### # #.#


You could see Robin.

Vanquished Creatures
  An adder (D:3)
  2 worms (D:3)
  3 dart slugs (D:1)
  A giant cockroach (D:1)
  3 goblins
  6 hobgoblins
  4 jackals (D:1)
  4 bats
  3 frilled lizards
  6 rats
33 creatures vanquished.

Notes
Turn   | Place    | Note
-------+----------+-------------------------------------------
     0 | D:1      | pmoppi the Vine Stalker Transmuter began the quest for the
                  | Orb.
     0 | D:1      | Reached XP level 1. HP: 9/9 MP: 4/4
    68 | D:1      | Reached XP level 2. HP: 14/14 MP: 1/6
   358 | D:1      | Reached skill level 4 in Unarmed Combat
   753 | D:1      | Reached XP level 3. HP: 15/17 MP: 5/7
   967 | D:2      | You fall through a shaft!
   992 | D:3      | Learned a level 2 spell: Sticks to Snakes
  1249 | D:3      | Noticed Robin
  1290 | D:3      | Slain by Robin

Levels and vault maps discovered:
D:1:      dpeg_arrival_more_subterranean_lakeside_camping, layout_basic
D:2:      layout_basic, old_standard_altar, grunt_dithmenos_smoke_and_mirrors,
          dancing_weapons_uskayaw, wad_floor_pattern_untrapped
D:3:      layout_loops_ring, uniq_robin

Skill      XL: |  1  2 |
---------------+-------+-----
Unarmed Combat | 4 |  4.7
Fighting       | |  0.8
Dodging        | |  1.5
Spellcasting   | |  2.1
Transmutations | |  2.0

Action                   || total
-------------------------++-------
Melee: Unarmed           ||    98
       Kick              ||    13
       Bite              ||    22
       Headbutt          ||     3
       Punch             ||     1
 Cast: Beastly Appendage ||    16
       Sticks to Snakes  ||     1
 Stab: Sleeping          ||     2
  Eat: Chunk             ||     1
Armor: Robe              ||    14
Dodge: Dodged            ||    42

Table legend:
 A = Non-vault XP
 B = Vault XP
 C = Vault XP percentage of total XP
 D = Non-vault monster count
 E = Vault monster count
 F = Vault count percentage of total count
                 A         B        C        D         E       F
            +---------+---------+-------+---------+---------+-------
      Total |      70 |       6 |   7.9 |      30 |       3 |   9.1
            +---------+---------+-------+---------+---------+-------
        D:1 |      40 |       0 |   0.0 |      21 |       0 |   0.0
        D:2 |       4 |       0 |   0.0 |       3 |       0 |   0.0
        D:3 |      26 |       6 |  18.8 |       6 |       3 |  33.3
            +---------+---------+-------+---------+---------+-------
